cohdb
Replays
Latest Replays
All Replays
Popular Replays
Top Player Replays
Match Explorer
How It Works
Community
CoH3 Stats
Reddit
Sign in to upload your games and track your stats! →
Sign in with Steam
Match 38244482
Unlisted
Match 38244482
Overview
Messages
Build Orders
End
Kettenkrad Recon Vehicle
Construct Infanterie Kompanie
Grenadier Squad
Grenadier Squad
Grenadier Squad
MG 42 Machine Gun Team
Construct Panzergrenadier Kompanie
251 Medium Carrier
Panzergrenadier Squad
Panzergrenadier Squad
Panzergrenadier Squad
MG 42 Machine Gun Team
Pak 40 Anti-tank Gun Team
Construct Panzer Kompanie
TheSlothInChargeOfEconomy
Fallschirmjäger1943
Bruistablet
Grunka Lunka
0
0
Comments
sign in to comment!
No comments posted yet!